[Event "Late-Titled-Tuesday-Blitz-September-19-2023"]
[Site "Chess.com"]
[Date "2023.09.19"]
[Round "5"]
[White "HamedWafa4"]
[Black "MAGMAchess02"]
[Result "1-0"]
[WhiteElo "2656"]
[BlackElo "2380"]
[TimeControl "180+1"]
[EndTime "14:52:55 PDT"]
[Termination "HamedWafa4 won on time"]

1. e4 c5 2. Nf3 Nc6 3. Bb5 g6 4. Bxc6 dxc6 5. O-O Bg7 6. d3 e5 7. a4 Nf6 8. Nxe5 O-O 9. Nf3 c4 10. e5 Ng4 11. Re1 Bf5 12. h3 Nh6 13. Nc3 cxd3 14.
cxd3 Qxd3 15. Qxd3 Bxd3 16. g4 Rfe8 17. Bg5 Bc4 18. Rad1 Be6 19. Nd4 Bd5 20. Nxd5 cxd5 21. f4 Kf8 22. Nb5 Rab8 23. Rxd5 a6 24. Nd6 Re6 25. Rc1 f6 26. exf6 1-0

[Event "Late-Titled-Tuesday-Blitz-September-19-2023"]
[Site "Chess.com"]
[Date "2023.09.19"]
[Round "5"]
[White "Chessdreamer2020"]
[Black "Rutricks"]
[Result "1-0"]
[WhiteElo "2543"]
[BlackElo "2704"]
[TimeControl "180+1"]
[EndTime "14:52:56 PDT"]
[Termination "Chessdreamer2020 won by resignation"]

1. e4 g6 2. d4 Bg7 3. Nc3 c6 4. Nf3 d5 5. h3 dxe4 6. Nxe4 Nf6 7. Nxf6+ exf6 8. Be2 O-O 9. O-O a5 10. c3 Na6 11. Re1 Nc7 12. Bf4 Nd5 13. Bh2 Be6 14.
Bf1 Re8 15. Nd2 b6 16. Nc4 Bf8 17. Qf3 Qd7 18. Bd3 a4 19. a3 b5 20. Nd2 f5 21.
Re2 Nb6 22. Rae1 Bd6 23. Bf4 Qc7 24. Bh6 Nd5 25. h4 Bh2+ 26. Kh1 Bf4 27. Bxf4 Nxf4 28.
Re5 f6 29. Qxf4 fxe5 30. Rxe5 Bd5 31. Rxe8+ 1-0

[Event "Late-Titled-Tuesday-Blitz-September-19-2023"]
[Site "Chess.com"]
[Date "2023.09.19"]
[Round "5"]
[White "Giorno"]
[Black "AEMEffi"]
[Result "1-0"]
[WhiteElo "2468"]
[BlackElo "2321"]
[TimeControl "180+1"]
[EndTime "14:52:58 PDT"]
[Termination "Giorno won by resignation"]

1. c4 e5 2. Nc3 Nf6 3. d3 Nc6 4. Nf3 Bb4 5. Bd2 O-O 6. e4 a5 7. Be2 h6 8. O-O d6 9. h3 Be6 10. Nd5 Bxd2 11. Qxd2 Bxd5 12. cxd5 Nb4 13. Nh2 b6 14. f4 c6 15. a3 Na6 16. dxc6 Nc5 17.
Qe3 Rc8 18. b4 Nb3 19. Rab1 Nd4 20. b5 Nc2 21. Qd2 Nd4 22. Nf3 Nxe2+ 23. Qxe2 exf4 24. Nd4 g5 25. Nf5 Kh7 26. g3 fxg3 27. Nxg3 Ng8 28. Qh5 d5 29. e5 Qe7 30. d4 Rc7 31. Rf3 f6 32. Rbf1 Qe6 33. Rf5 Rcf7 34. h4 Kg7 35.
hxg5 hxg5 36. Qg4 Nh6 37. Rxg5+ fxg5 38. Qxe6 1-0

[Event "Late-Titled-Tuesday-Blitz-September-19-2023"]
[Site "Chess.com"]
[Date "2023.09.19"]
[Round "5"]
[White "PNEPaul"]
[Black "miraitrunks"]
[Result "0-1"]
[WhiteElo "1943"]
[BlackElo "2142"]
[TimeControl "180+1"]
[EndTime "14:52:59 PDT"]
[Termination "miraitrunks won by resignation"]

1. e4 c5 2. d4 cxd4 3. c3 d3 4.
Bxd3 d5 5. e5 Nc6 6. Nf3 Bg4 7.
Bf4 Qb6 8. Qe2 e6 9. O-O a5 10. b3 Nge7 11. Nbd2 Ng6 12. Bg3 Bc5 13. h3 Bh5 14. Bxg6 hxg6 15. Qd3 Ne7 16. Nd4 Bxd4 17. cxd4 Nf5 18. Bh2 Nxd4 19. g4 Rc8 20. gxh5 Rc3 21. Qb1 Rxh3 22. Kg2 R8xh5 23. Rh1 Qb4 24. Qd1 Qc3 25.
Rc1 Rg5+ 26. Kf1 Qd3+ 27. Ke1 Rxe5+ 0-1

[Event "Late-Titled-Tuesday-Blitz-September-19-2023"]
[Site "Chess.com"]
[Date "2023.09.19"]
[Round "5"]
[White "Haykoooo0o"]
[Black "floplover"]
[Result "1-0"]
[WhiteElo "2458"]
[BlackElo "2282"]
[TimeControl "180+1"]
[EndTime "14:53:00 PDT"]
[Termination "Haykoooo0o won by resignation"]

1. d4 d5 2. Nf3 Nf6 3. e3 c5 4.
Bd3 Nc6 5. c3 e6 6. Nbd2 Bd6 7.
Qe2 O-O 8. O-O e5 9. dxc5 Bxc5 10. e4 Re8 11. h3 h6 12. exd5 Nxd5 13. Ne4 Bb6 14.
Rd1 Qe7 15. Ng3 Qc5 16. Be4 Be6 17. Bxd5 Bxd5 18. Be3 Bxf3 19. Qxf3 Qe7 20. Nf5 Qe6 21. Rd6 e4 22. Qg4 Qe5 23. Bxh6 Re6 24. Bxg7 1-0

[Event "Late-Titled-Tuesday-Blitz-September-19-2023"]
[Site "Chess.com"]
[Date "2023.09.19"]
[Round "5"]
[White "PapaieDudu"]
[Black "Miguelitro69"]
[Result "1-0"]
[WhiteElo "2377"]
[BlackElo "2277"]
[TimeControl "180+1"]
[EndTime "14:53:00 PDT"]
[Termination "PapaieDudu won on time"]

1. e4 c5 2. Nf3 Nc6 3. d4 cxd4 4. c3 dxc3 5. Nxc3 e6 6. Bc4 a6 7.
O-O Nge7 8. Re1 Ng6 9. Be3 Be7 10. Bb3 O-O 11. Qd2 b5 12. a4 b4 13. Ne2 Na5 14. Bc2 Bb7 15. Qd3 Rc8 16. Red1 d6 17. Rac1 b3 18. Bb1 Qd7 19. h4 Qxa4 20. h5 Ne5 21.
Nxe5 dxe5 22. Nc3 Qb4 23. Bd2 Qd4 24. Qg3 Bxe4 25. Bxe4 f5 26. Bh6 Rf7 27. Rxd4 exd4 28. Bxf5 1-0

[Event "Late-Titled-Tuesday-Blitz-September-19-2023"]
[Site "Chess.com"]
[Date "2023.09.19"]
[Round "5"]
[White "Hasangatin_Ramil"]
[Black "Michalczak"]
[Result "1-0"]
[WhiteElo "2707"]
[BlackElo "2500"]
[TimeControl "180+1"]
[EndTime "14:53:01 PDT"]
[Termination "Hasangatin_Ramil won by checkmate"]

1. e4 e5 2. Nf3 Nc6 3. Bb5 a6 4. Ba4 Nf6 5. Bxc6 dxc6 6. d3 Bd6 7. Bg5 h6 8. Bh4 Bg4 9. h3 Bh5 10. Nbd2 g5 11. Bg3 Nd7 12. Nc4 Qe7 13. Ne3 Bg6 14.
Nd2 O-O-O 15. Qf3 Qe6 16. Nf5 c5 17. Nc4 Nb8 18. O-O-O Nc6 19. c3 b5 20. Ncxd6+ cxd6 21. Kb1 Bxf5 22. exf5 Qd7 23. d4 exd4 24. cxd4 Nxd4 25. Rxd4 cxd4 26. Qa8+ Kc7 27. Qa7+ Kc6 28. Qxd4 Qxf5+ 29. Ka1 Rhe8 30. Qa7 Ra8 31. Rc1+ Kd5 32. Rd1+ Kc4 33.
Qd4# 1-0

[Event "Late-Titled-Tuesday-Blitz-September-19-2023"]
[Site "Chess.com"]
[Date "2023.09.19"]
[Round "5"]
[White "SantoBlue"]
[Black "atigerman"]
[Result "1-0"]
[WhiteElo "2957"]
[BlackElo "2681"]
[TimeControl "180+1"]
[EndTime "14:53:03 PDT"]
[Termination "SantoBlue won on time"]

1. e4 Nf6 2. e5 Nd5 3. d4 d6 4. Nf3 Nb6 5. Be2 g6 6. h3 Bg7 7. exd6 cxd6 8. O-O O-O 9. Re1 Nc6 10. c3 Qc7 11.
Bf4 e5 12. Bh2 a6 13. Nbd2 Bf5 14. Bf1 Rfe8 15. Nb3 Rad8 16. Rc1 Qc8 17. d5 Nb8 18. c4 Na4 19. Qd2 Nc5 20. Nxc5 Qxc5 21. b4 Qc7 22. c5 Nd7 23. c6 Nf6 24. cxb7 Qxb7 25. Rc6 Be4 26. Bxa6 Qa7 27. Bc4 Rc8 28. Ng5 Bh6 29. b5 Qa4 30. Rc1 Rb8 31. Rxd6 1-0

[Event "Late-Titled-Tuesday-Blitz-September-19-2023"]
[Site "Chess.com"]
[Date "2023.09.19"]
[Round "5"]
[White "aNaartjieZA"]
[Black "Cambek64"]
[Result "1-0"]
[WhiteElo "2600"]
[BlackElo "2469"]
[TimeControl "180+1"]
[EndTime "14:53:03 PDT"]
[Termination "aNaartjieZA won on time"]

1. e4 e6 2. d3 d5 3. Nd2 Nf6 4. Ngf3 Nc6 5. c3 a5 6. Be2 dxe4 7. dxe4 e5 8. O-O Bc5 9. Qc2 O-O 10. Nc4 Qe7 11.
Rd1 Be6 12. Bg5 h6 13. Bh4 Bxc4 14. Bxc4 Rad8 15. Bd5 g5 16. Bxc6 bxc6 17. Bg3 Bd6 18. Nd2 Nh5 19. Nc4 Nf4 20. Ne3 Bc5 21. Nf5 Qe6 22. a3 h5 23. b4 axb4 24. axb4 Bb6 25.
Rxd8 Rxd8 26. Rd1 Rxd1+ 27. Qxd1 h4 28. Qd8+ Kh7 29. Qxg5 Qg6 30. Qxh4+ Nh5 31. Bxe5 f6 32. Bxf6 Qf7 33. g4 1-0

[Event "Late-Titled-Tuesday-Blitz-September-19-2023"]
[Site "Chess.com"]
[Date "2023.09.19"]
[Round "5"]
[White "temus_galaktionov"]
[Black "Firouzja2003"]
[Result "0-1"]
[WhiteElo "2834"]
[BlackElo "3069"]
[TimeControl "180+1"]
[EndTime "14:53:10 PDT"]
[Termination "Firouzja2003 won by resignation"]

1. d4 Nf6 2. c4 e6 3. Nf3 d5 4. Nc3 Bb4 5. cxd5 exd5 6. Bg5 O-O 7. e3 Bf5 8. Bd3 Bxd3 9. Qxd3 Nbd7 10. O-O c6 11. a3 Bd6 12. b4 Re8 13. b5 Qa5 14.
bxc6 bxc6 15. Rfc1 Ne4 16. Bf4 Bxf4 17. exf4 Rab8 18.
Qc2 Nd6 19. Qa4 Qxa4 20. Nxa4 Nc4 21. Nc5 Nxc5 22. dxc5 Rb5 23. Nd4 Rxc5 24. Rab1 Nxa3 25. Rxc5 Nxb1 26. g3 Rc8 27. Nxc6 Kf8 28. Rb5 Rxc6 29.
Rxb1 a5 30. Rb8+ Ke7 31. Ra8 Rc5 32. Kf1 Kd6 33. Ra6+ Kc7 34. Ra7+ Kb6 35. Rxf7 a4 36. Re7 a3 37. Re2 Ra5 38. Ra2 Kc5 39. Ke2 Kc4 0-1

[Event "Late-Titled-Tuesday-Blitz-September-19-2023"]
[Site "Chess.com"]
[Date "2023.09.19"]
[Round "5"]
[White "kuli4ik"]
[Black "Alexei_Gubajdullin"]
[Result "1-0"]
[WhiteElo "2957"]
[BlackElo "2641"]
[TimeControl "180+1"]
[EndTime "14:53:10 PDT"]
[Termination "kuli4ik won by resignation"]

1. Nf3 Nf6 2. g3 g6 3. b3 Bg7 4.
Bb2 O-O 5. Bg2 d6 6. d4 a5 7.
O-O a4 8. c4 axb3 9. axb3 Rxa1 10. Bxa1 Na6 11. Nbd2 Bf5 12. Nh4 Bc8 13. Bc3 c6 14. e4 Qb6 15. Qa1 Nd7 16. Nhf3 c5 17. e5 cxd4 18. Bxd4 Ndc5 19. exd6 Bxd4 20. Qxd4 Qxd6 21.
Qxd6 exd6 22. Nd4 Re8 23. h3 Bd7 24. Nc2 Re2 25. Rd1 Nxb3 26. Nxb3 Rxc2 27. Rxd6 Be6 28.
Nd4 Rc1+ 29. Kh2 Bxc4 30. Bxb7 Nc5 31. Bf3 Nd3 32. Rc6 Nxf2 33. Bd5 Rh1+ 34. Bxh1 1-0

[Event "Late-Titled-Tuesday-Blitz-September-19-2023"]
[Site "Chess.com"]
[Date "2023.09.19"]
[Round "5"]
[White "McCarthyStone"]
[Black "tarno17"]
[Result "1-0"]
[WhiteElo "2437"]
[BlackElo "2155"]
[TimeControl "180+1"]
[EndTime "14:53:10 PDT"]
[Termination "McCarthyStone won on time"]

1. c4 e5 2. Nc3 Nf6 3. g3 Bc5 4.
Bg2 O-O 5. a3 a5 6. e3 Nc6 7. Nge2 Re8 8. O-O d6 9. d4 Ba7 10. b3 Bg4 11. d5 Ne7 12. h3 Bxe2 13. Qxe2 Ng6 14. h4 Qd7 15. h5 Ne7 16. Bb2 h6 17.
Rac1 Qg4 18. Qxg4 Nxg4 19. Bf3 Nf6 20. Kg2 Nf5 21. b4 e4 22. Be2 axb4 23. axb4 Bb6 24. Ra1 g6 25. hxg6 fxg6 26. Na4 Kf7 27. Nxb6 cxb6 28. g4 Nh4+ 29. Kg3 g5 30. Bd4 Ra6 31. c5 Rxa1 32. Rxa1 bxc5 33. bxc5 dxc5 34. Bxc5 Rc8 35. Bd4 Rc2 36. Bd1 Rd2 37. d6 Ke6 38. Bb3+ Kd7 39. Bxf6 Kxd6 40. Rd1 Rxd1 41. Bxd1 b5 42. Bg7 h5 43.
gxh5 Nf5+ 44. Kg4 Nxg7 45. Kxg5 b4 46. h6 Ne6+ 47. Kf6 Nf8 48. Kf7 Nh7 49. Kg7 Ng5 50.
Kg6 1-0

[Event "Late-Titled-Tuesday-Blitz-September-19-2023"]
[Site "Chess.com"]
[Date "2023.09.19"]
[Round "5"]
[White "queen_iryna"]
[Black "MBA_CHESS_2021"]
[Result "1-0"]
[WhiteElo "2379"]
[BlackElo "2169"]
[TimeControl "180+1"]
[EndTime "14:53:14 PDT"]
[Termination "queen_iryna won by checkmate"]

1. e4 c5 2. Nf3 Nc6 3. Bb5 g6 4. Bxc6 dxc6 5. d3 Bg7 6. Nc3 e5 7. Be3 b6 8. Qd2 h6 9. h3 Ne7 10. O-O Be6 11. Nh2 g5 12. a3 Ng6 13. b4 cxb4 14.
axb4 Nf4 15. Ra6 O-O 16. Rfa1 Qd7 17. Bxb6 Bxh3 18. Rxa7 Rxa7 19. Rxa7 Qe6 20. gxh3 Nxh3+ 21. Kh1 f5 22. Bc5 Rd8 23. Qe1 Nf4 24. exf5 Qxf5 25.
Qe4 Qh3 26. Qxc6 Rd5 27. Qe8+ Kh7 28. Rxg7+ Kxg7 29. Bf8+ Kf6 30. Ne4+ Kf5 31. Qf7# 1-0

[Event "Late-Titled-Tuesday-Blitz-September-19-2023"]
[Site "Chess.com"]
[Date "2023.09.19"]
[Round "5"]
[White "Mesa_1"]
[Black "VitaliyBernadskiy"]
[Result "0-1"]
[WhiteElo "2593"]
[BlackElo "2852"]
[TimeControl "180+1"]
[EndTime "14:53:15 PDT"]
[Termination "VitaliyBernadskiy won by resignation"]

1. e4 c5 2. Nf3 e6 3. Nc3 a6 4. d4 cxd4 5. Nxd4 b5 6. Bd3 Qb6 7. Be3 Bc5 8. Be2 Nc6 9. Nxc6 Bxe3 10. fxe3 Qxc6 11. Qd4 f6 12. Bh5+ g6 13. Bf3 e5 14.
Qd2 Ne7 15. a4 b4 16. Nd5 Nxd5 17. exd5 Qd6 18. e4 a5 19. O-O O-O 20. Be2 Qc5+ 21.
Kh1 d6 22. Bb5 Ra7 23. c3 bxc3 24. Qxc3 Qxc3 25. bxc3 f5 26. Bc6 Ba6 27. Rfe1 Bd3 28. exf5 gxf5 29. Re3 Bc4 30. Rb1 f4 31. Ree1 Rg7 32.
Rbd1 f3 33. gxf3 Rxf3 34. Bb5 Rxc3 35. Bxc4 Rxc4 36. Rb1 Rg6 37. Ra1 Rd4 38. Red1 Rxd1+ 39. Rxd1 Rg4 40. Rc1 Rd4 0-1

[Event "Late-Titled-Tuesday-Blitz-September-19-2023"]
[Site "Chess.com"]
[Date "2023.09.19"]
[Round "5"]
[White "Nikachu"]
[Black "tteshan"]
[Result "0-1"]
[WhiteElo "2195"]
[BlackElo "2512"]
[TimeControl "180+1"]
[EndTime "14:53:15 PDT"]
[Termination "tteshan won by resignation"]

1. e4 c5 2. Nf3 Nc6 3. d4 cxd4 4. Nxd4 g6 5. c4 Bg7 6. Be3 Nf6 7. Nc3 O-O 8. Nc2 d6 9. Be2 Be6 10. O-O Rc8 11.
Na3 a6 12. Rc1 Qa5 13. f3 Nd7 14. Qd2 Rfe8 15. Rfd1 Nce5 16. Nd5 Qxd2 17. Bxd2 Bxd5 18. cxd5 f5 19. b3 fxe4 20. fxe4 Nc5 21. Bf3 Nxf3+ 22. gxf3 Bb2 23. Nc4 Bxc1 24. Bxc1 b5 25. Ne3 Nd3 26. Bd2 Ne5 27. Kg2 Rf8 28. Rf1 Rf7 29. f4 Nd3 30. Kg3 Kg7 31. h4 h5 32. f5 Nc5 33. Kf4 gxf5 34. Nxf5+ Kh7 35. Rg1 Rg8 36. Rg5 Rxg5 37.
hxg5 Kg6 38. Kg3 Nxe4+ 0-1

[Event "Late-Titled-Tuesday-Blitz-September-19-2023"]
[Site "Chess.com"]
[Date "2023.09.19"]
[Round "5"]
[White "Aleksandar-Topalov"]
[Black "angryspacevoid"]
[Result "0-1"]
[WhiteElo "2345"]
[BlackElo "2504"]
[TimeControl "180+1"]
[EndTime "14:53:16 PDT"]
[Termination "angryspacevoid won by resignation"]

1. b3 e5 2. Bb2 Nc6 3. c4 Nge7 4. e3 d5 5. cxd5 Nxd5 6. a3 Bf5 7. d3 Nf6 8. Qc2 Qd7 9. Nf3 e4 10.
dxe4 Bxe4 11. Qd2 Bd6 12. Nc3 Bg6 13. Bd3 O-O-O 14. Bxg6 hxg6 15. O-O-O Qe7 16. Nd4 Nxd4 17. Qxd4 a6 18. Qa7 c6 19. b4 Bb8 20. Qb6 Rxd1+ 21. Nxd1 Rd8 22. h3 Ne4 23. f3 Nd6 24. Qc5 Qe6 25. e4 Qb3 26. Qc3 Qa2 27. Qc2 Nc4 28.
Nc3 Bf4+ 0-1

[Event "Late-Titled-Tuesday-Blitz-September-19-2023"]
[Site "Chess.com"]
[Date "2023.09.19"]
[Round "5"]
[White "WindWhistler11"]
[Black "hellokostya"]
[Result "0-1"]
[WhiteElo "2478"]
[BlackElo "2605"]
[TimeControl "180+1"]
[EndTime "14:53:19 PDT"]
[Termination "hellokostya won on time"]

1. Nf3 Nf6 2. g3 g6 3. Bg2 Bg7 4. O-O O-O 5. c4 d6 6. d3 e5 7.
Bg5 h6 8. Bxf6 Bxf6 9. Nc3 Bg7 10. Rb1 f5 11. Nd2 a5 12. a3 c6 13. b4 axb4 14.
axb4 Be6 15. Nb3 Nd7 16. Na5 Qc7 17. e3 h5 18. d4 e4 19. Qb3 Bf7 20. b5 Rxa5 21.
bxc6 bxc6 22. Qb4 Rb8 23. Nb5 cxb5 24. cxb5 Raxb5 25. Qxb5 Rxb5 26. Rxb5 Bc4 27. Rc1 d5 28. Rxd5 Nb6 29. Rc5 Qf7 30. Rb1 Nd7 31. Rc7 Bd5 32.
Rb5 Qe6 33. Bf1 Kh7 34. Ra5 Qd6 35. Raa7 Bc6 36. Bc4 Bf6 37. Bf7 Bd8 0-1

[Event "Late-Titled-Tuesday-Blitz-September-19-2023"]
[Site "Chess.com"]
[Date "2023.09.19"]
[Round "5"]
[White "szefru"]
[Black "victormago"]
[Result "0-1"]
[WhiteElo "2308"]
[BlackElo "2534"]
[TimeControl "180+1"]
[EndTime "14:53:19 PDT"]
[Termination "victormago won by resignation"]

1. e4 c5 2. Nf3 d6 3. d4 cxd4 4.
Qxd4 a6 5. c4 Nc6 6. Qe3 g6 7.
Nc3 Bg7 8. Be2 Nf6 9. h3 O-O 10.
O-O h6 11. Rb1 Be6 12. Nd4 Nxd4 13. Qxd4 Nd5 14. Qd2 Nxc3 15. bxc3 Qc7 16. Qb2 Rab8 17. Qb4 Rfc8 18. Be3 Bxc4 19. Bxc4 Qxc4 20. Ba7 Qxb4 21. cxb4 Ra8 22. Bb6 Rc6 23. Be3 b5 24. Rb3 Rac8 25.
a4 Rc4 26. axb5 axb5 27. f3 Ra8 28. Rfb1 Ra2 29. Bf2 Rcc2 30. Rf1 Bd4 0-1

[Event "Late-Titled-Tuesday-Blitz-September-19-2023"]
[Site "Chess.com"]
[Date "2023.09.19"]
[Round "5"]
[White "sergiochess83"]
[Black "Alphafischer2019"]
[Result "1-0"]
[WhiteElo "2901"]
[BlackElo "2619"]
[TimeControl "180+1"]
[EndTime "14:53:23 PDT"]
[Termination "sergiochess83 won by checkmate"]

1. d4 Nf6 2. c4 b6 3. f3 Nc6 4.
e4 e5 5. dxe5 Nxe5 6. Be3 Ng6 7.
Nc3 Bc5 8. Qd2 O-O 9. O-O-O Bxe3 10. Qxe3 d6 11. Nge2 Re8 12. Nd4 Bb7 13. Qd2 a6 14. h4 Ne5 15. Kb1 Nh5 16. Qg5 Qxg5 17. hxg5 Ng3 18.
Rh3 Nxf1 19. Rxf1 Nxc4 20. Rfh1 Kf8 21. Rxh7 g6 22. Nd5 Bxd5 23. exd5 Ke7 24. Nc6+ Kd7 25. Rxf7+ Kc8 26. Rhh7 Re1+ 27. Kc2 Ra7 28. Rf8+ Kb7 29. Rb8# 1-0

[Event "Late-Titled-Tuesday-Blitz-September-19-2023"]
[Site "Chess.com"]
[Date "2023.09.19"]
[Round "5"]
[White "santosalberto1987"]
[Black "farzadbfd"]
[Result "0-1"]
[WhiteElo "2509"]
[BlackElo "2693"]
[TimeControl "180+1"]
[EndTime "14:53:23 PDT"]
[Termination "farzadbfd won by resignation"]

1. e4 e5 2. Nf3 Nc6 3. Bc4 Bc5 4.
c3 Nf6 5. d3 a6 6. Nbd2 O-O 7.
O-O d6 8. Bb3 h6 9. h3 Be6 10. Bc2 d5 11. Re1 Re8 12. Qe2 Bf8 13. Nf1 g6 14. Ng3 Bg7 15. a3 Qd7 16. b4 b5 17. Bb2 a5 18. a4 dxe4 19. axb5 exf3 20. bxc6 Qxc6 21. Qxf3 Bd5 22. Ne4 axb4 23. c4 Bxe4 24. dxe4 Rxa1 25. Rxa1 Qxc4 26. Bb3 Qxe4 27. Qxe4 Nxe4 28.
Rc1 Rc8 29. Rc4 Nd2 30. Rxb4 Nxb3 31. Rxb3 c5 32. Rc3 e4 33. Rc2 Bxb2 34. Rxb2 c4 35. Kf1 c3 36. Rc2 f5 37. Ke2 Kf7 38. Ke3 Rc4 39. g4 Kf6 40. f3 exf3 41. Kxf3 fxg4+ 42. hxg4 Kg5 43. Ke3 Kxg4 44. Kd3 Rc6 45. Rg2+ Kf5 46. Kc2 h5 47. Rf2+ Kg5 48. Rg2+ Kh6 0-1

[Event "Late-Titled-Tuesday-Blitz-September-19-2023"]
[Site "Chess.com"]
[Date "2023.09.19"]
[Round "5"]
[White "krzyzan94"]
[Black "filipluczak05"]
[Result "1-0"]
[WhiteElo "2798"]
[BlackElo "2553"]
[TimeControl "180+1"]
[EndTime "14:53:25 PDT"]
[Termination "krzyzan94 won by checkmate"]

1. Nf3 g6 2. g3 Bg7 3. d4 c5 4.
Bg2 cxd4 5. Nxd4 Nc6 6. Nb3 Nf6 7. c4 O-O 8. O-O d6 9. Nc3 Be6 10. Nd5 Bxd5 11. cxd5 Ne5 12. Nd4 Rc8 13. Bf4 Nh5 14.
Bc1 Qb6 15. e3 Nf6 16. a4 a6 17. a5 Qc5 18. Bd2 Nfd7 19. Rc1 Qa7 20. Bc3 Nc5 21. Rc2 b5 22. Nc6 Nxc6 23. Bxg7 Nb4 24. Bxf8 Nxc2 25. Bh6 Nb3 26. Qd3 Nxa5 27. Rc1 Qc7 28. Be4 Nb4 29.
Rxc7 Rxc7 30. Qd4 Rc1+ 31. Kg2 Na2 32. Qg7# 1-0

[Event "Late-Titled-Tuesday-Blitz-September-19-2023"]
[Site "Chess.com"]
[Date "2023.09.19"]
[Round "5"]
[White "greekplayer1"]
[Black "WPWPWP-2015"]
[Result "0-1"]
[WhiteElo "2700"]
[BlackElo "2540"]
[TimeControl "180+1"]
[EndTime "14:53:26 PDT"]
[Termination "WPWPWP-2015 won by checkmate"]

1. e4 e5 2. Nc3 Nf6 3. d4 exd4 4. Qxd4 Nc6 5. Qd3 d6 6. Bg5 Be7 7. h4 Be6 8. f3 h6 9. Bd2 Nh5 10. O-O-O Ng3 11. Rh2 Bxh4 12. Nge2 Nxf1 13. Rxf1 Ne5 14. Qd4 Bf6 15. Qf2 c6 16. Nf4 b5 17. Nh5 b4 18. Ne2 Nc4 19. c3 Nxd2 20. Kxd2 bxc3+ 21. Nxc3 Rb8 22. b3 O-O 23. Nxf6+ Qxf6 24. Kc2 d5 25. Qc5 d4 26. Ne2 Rfd8 27. Rd1 d3+ 28. Rxd3 Rxd3 29. Kxd3 Qb2 30. Nc3 Rd8+ 31. Ke3 Qd2# 0-1

[Event "Late-Titled-Tuesday-Blitz-September-19-2023"]
[Site "Chess.com"]
[Date "2023.09.19"]
[Round "5"]
[White "BeanScreen"]
[Black "amanmuhammethommadov"]
[Result "0-1"]
[WhiteElo "2710"]
[BlackElo "2576"]
[TimeControl "180+1"]
[EndTime "14:53:27 PDT"]
[Termination "amanmuhammethommadov won by resignation"]

1. e4 c5 2. c3 Nf6 3. e5 Nd5 4. Nf3 Nc6 5. Bc4 Nb6 6. Bb3 d6 7. exd6 Qxd6 8. O-O e6 9. d4 cxd4 10. cxd4 Be7 11. Nc3 O-O 12. Re1 Qd8 13. Bc2 Bf6 14.
Qd3 g6 15. Bh6 Nb4 16. Qd2 Nxc2 17. Qxc2 Re8 18. Rad1 Qc7 19. d5 Bd7 20. Qc1 exd5 21. Ne4 Qd8 22. Nxf6+ Qxf6 23. Be3 Rac8 24. Qd2 Nc4 25.
Qxd5 Nxe3 26. Rxe3 Rxe3 27. fxe3 Bc6 28. Qd4 Qe6 29. Qxa7 Bxf3 30. gxf3 b6 31. Qa3 Rc5 32. f4 Qg4+ 33. Kf2 Qxd1 34. f5 Rc2+ 35. Kg3 Qg1+ 36. Kf3 Qf2+ 37. Ke4 Qxf5+ 38. Kd4 Qc5+ 39. Qxc5 bxc5+ 40. Kd5 Rxb2 0-1

[Event "Late-Titled-Tuesday-Blitz-September-19-2023"]
[Site "Chess.com"]
[Date "2023.09.19"]
[Round "5"]
[White "GeorgiosSouleidis"]
[Black "Dhaydon19"]
[Result "0-1"]
[WhiteElo "2505"]
[BlackElo "2661"]
[TimeControl "180+1"]
[EndTime "14:53:28 PDT"]
[Termination "Dhaydon19 won on time"]

1. e4 c6 2. Nc3 d5 3. Nf3 Bg4 4. h3 Bxf3 5. Qxf3 e6 6. d4 Nf6 7.
exd5 cxd5 8. Bd3 Nc6 9. Ne2 Bd6 10. c3 Qc7 11. Bg5 Qe7 12. O-O h6 13. Bf4 O-O-O 14. Rfe1 Bxf4 15. Nxf4 g5 16. Nh5 Nxh5 17. Qxh5 Qf6 18. Re3 Qg7 19. Rae1 Rhf8 20. b4 Ne7 21. a4 Ng8 22. Qf3 Nf6 23. Qg3 Nh5 24. Qe5 Qxe5 25.
Rxe5 Nf4 26. Bf1 Rd6 27. g3 Ng6 28. R5e3 a6 29. b5 axb5 30. axb5 Kc7 31. Ra1 Kb6 32.
Ree1 Rc8 33. Ra3 Rd7 34. Rb1 Rdc7 35. Rbb3 Ne7 36. Bd3 Ng8 37. Kf1 Nf6 38. Ke2 Ne8 39. Kd2 Nd6 40. Rb1 f6 41. Re1 Re7 42. Raa1 e5 43.
Reb1 e4 44. Be2 f5 45. Rh1 Rec7 46. Ra3 f4 47. gxf4 gxf4 48. Rg1 e3+ 49. fxe3 Ne4+ 50.
Ke1 Rf7 51. Rg6+ Kc7 52. b6+ Kb8 53. Bg4 Rcf8 0-1

[Event "Late-Titled-Tuesday-Blitz-September-19-2023"]
[Site "Chess.com"]
[Date "2023.09.19"]
[Round "5"]
[White "Zampronha1971"]
[Black "KorolDimitriy75"]
[Result "0-1"]
[WhiteElo "2276"]
[BlackElo "2384"]
[TimeControl "180+1"]
[EndTime "14:53:28 PDT"]
[Termination "KorolDimitriy75 won on time"]

1. e4 c5 2. Nf3 d6 3. d4 cxd4 4. Nxd4 Nf6 5. Nc3 g6 6. Be3 Bg7 7. f3 O-O 8. Qd2 Nc6 9. O-O-O d5 10. Qe1 e5 11. Nxc6 bxc6 12. exd5 cxd5 13. Bg5 Be6 14. Qxe5 h6 15. Bh4 g5 16. Bg3 Ne4 17. Qc7 Nxc3 18.
Qxd8 Rfxd8 19. bxc3 Bxc3 20. Be1 Rdc8 0-1

[Event "Late-Titled-Tuesday-Blitz-September-19-2023"]
[Site "Chess.com"]
[Date "2023.09.19"]
[Round "5"]
[White "djano"]
[Black "Hrant_ChessMood"]
[Result "0-1"]
[WhiteElo "2622"]
[BlackElo "2903"]
[TimeControl "180+1"]
[EndTime "14:53:31 PDT"]
[Termination "Hrant_ChessMood won by resignation"]

1. d4 Nf6 2. Bf4 g6 3. Nf3 Bg7 4.
c3 O-O 5. h3 d5 6. e3 c5 7. Be2 Qb6 8. Qb3 c4 9. Qa3 Nc6 10. b3 cxb3 11. axb3 Bf5 12. Nbd2 Rfc8 13. O-O Ne4 14. Nxe4 Bxe4 15. Nd2 Bf5 16. b4 e5 17.
Bg3 exd4 18. exd4 a6 19. Nb3 Na7 20. Nc5 Nb5 21. Qb2 Re8 22. Rfe1 Rad8 23. Bf3 Qc6 24. Qb3 Be4 25. Be2 h5 26. Bf1 Bf5 27. Bh4 Rc8 28.
Rac1 Nd6 29. f3 Rxe1 30. Rxe1 Nc4 31. Re7 Nd2 32. Qd1 Nxf1 33. Qxf1 b6 34. Nxa6 Qxc3 35. Bf2 Bd3 36. Qe1 Qxe1+ 37. Rxe1 Bxa6 0-1

[Event "Late-Titled-Tuesday-Blitz-September-19-2023"]
[Site "Chess.com"]
[Date "2023.09.19"]
[Round "5"]
[White "JG-17"]
[Black "Hooded_Old_Man"]
[Result "0-1"]
[WhiteElo "2498"]
[BlackElo "2276"]
[TimeControl "180+1"]
[EndTime "14:53:34 PDT"]
[Termination "Hooded_Old_Man won by resignation"]

1. e4 c5 2. Nf3 d6 3. d4 cxd4 4.
Nxd4 Nf6 5. Nc3 a6 6. h4 Nc6 7.
Bc4 e6 8. f3 Qc7 9. Bb3 Na5 10.
Bg5 Be7 11. h5 h6 12. Be3 Bd7 13. Qd2 Nc4 14. Bxc4 Qxc4 15. O-O-O b5 16. Kb1 b4 17. Nce2 a5 18. b3 Qc7 19. g4 d5 20. exd5 Nxd5 21.
Nf5 Nxe3 22. Nxe3 Rd8 23. Qd4 Bf6 24. Qf4 Qxf4 25. Nxf4 Bc6 26. Rxd8+ Kxd8 27. Rf1 Ke7 28. Nfg2 Rd8 29. Nc4 Bxf3 30. Nge3 Be2 31. Rg1 Bd4 32.
Rg2 Bxc4 33. Nxc4 Bc3 34. Kc1 Rd5 35. a4 f5 36. gxf5 Rxf5 37. Rxg7+ Bxg7 0-1

[Event "Late-Titled-Tuesday-Blitz-September-19-2023"]
[Site "Chess.com"]
[Date "2023.09.19"]
[Round "5"]
[White "koncheto"]
[Black "Flaccidmoves"]
[Result "1-0"]
[WhiteElo "2568"]
[BlackElo "2444"]
[TimeControl "180+1"]
[EndTime "14:53:36 PDT"]
[Termination "koncheto won by checkmate"]

1. e4 Nf6 2. e5 Nd5 3. d4 d6 4. c4 Nb6 5. Nf3 dxe5 6. Nxe5 Bf5 7. Qf3 Bg6 8. Qxb7 Qxd4 9. Nxg6 hxg6 10. Be3 Qxb2 11. Bxb6 Qc1+ 12. Ke2 f5 13. Qxa8 Qxc4+ 14. Ke1 Qc1+ 15. Ke2 Qc4+ 16. Kd2 Qb4+ 17. Nc3 Qb2+ 18.
Kd3 Qxa1 19. Qxb8+ Kf7 20. Bxc7 Rh4 21. Kc2 e6 22. Qe8+ Kg8 23. Qxe6+ Kh7 24. g3 Rb4 25. Bc4 Qb2+ 26. Kd3 Qxf2 27. Qg8+ Kh6 28. Qh8+ Kg5 29. Qh4# 1-0